 Dungeon Crawl Stone Soup version 0.23-a0-625-g1d2cd9b (webtiles) character file.

9251 Firecrotchwizard the Cleaver (level 11, -1/101 HPs)
             Began as a Hill Orc Fighter on Dec 24, 2018.
             Was an Elder of Beogh.
             Slain by a manticore (8 damage)
             ... on level 15 of the Dungeon.
             The game lasted 00:25:00 (10450 turns).

Firecrotchwizard the Cleaver (Hill Orc Fighter)    Turns: 10450, Time: 00:25:01

Health: -1/101     AC: 17    Str: 23    XL:     11   Next: 43%
Magic:  17/17      EV:  6    Int:  8    God:    Beogh [****..]
Gold:   681        SH: 12    Dex: 10    Spells: 10/10 levels left

rFire    + + .     SeeInvis .   D - +1 war axe (flame)
rCold    . . .     Gourm    .   c - +0 shield
rNeg     . . .     Faith    .   L - +1 chain mail {rF+}
rPois    .         Spirit   .   w - +2 helmet
rElec    .         Reflect  .   y - +2 cloak
rCorr    .         Harm     .   e - +0 pair of gloves
MR       +....                  (no boots)
Stlth    ..........             (no amulet)
HPRegen  0.26/turn              b - ring of protection from magic {MR+, !d}
MPRegen  0.15/turn              C - ring of protection from fire {rF+, !d}

@: no status effects
A: no striking features
a: Smiting, Recall Orcish Followers, Renounce Religion


You were on level 15 of the Dungeon.
You worshipped Beogh.
Beogh was greatly pleased with you.
You were very hungry.

You visited 1 branch of the dungeon, and saw 13 of its levels.

You collected 681 gold pieces.

Inventory:

Hand Weapons
 a - a +0 broad axe
   (You found it on level 10 of the Dungeon)
 D - a +1 war axe of flaming (weapon)
   (You took it off an orc priest on level 9 of the Dungeon)
Armour
 c - a +0 shield (worn)
 e - a +0 pair of gloves (worn)
   (You found it on level 1 of the Dungeon)
 m - a +0 plate armour
   (You found it on level 7 of the Dungeon)
 q - a +0 plate armour
   (You found it on level 8 of the Dungeon)
 w - a +2 helmet (worn)
   (You found it on level 4 of the Dungeon)
 y - a +2 cloak (worn)
   (You found it on level 5 of the Dungeon)
 L - a +1 chain mail of fire resistance (worn)
   (You found it on level 11 of the Dungeon)
Jewellery
 b - a ring of protection from magic (left hand) {MR+, !d}
   (You found it on level 9 of the Dungeon)
 r - an uncursed ring of resist corrosion
   (You found it on level 3 of the Dungeon)
 C - a ring of protection from fire (right hand) {rF+, !d}
   (You found it on level 6 of the Dungeon)
Wands
 u - a wand of iceblast (6)
   (You found it on level 4 of the Dungeon)
 v - a wand of random effects (21)
   (You found it on level 8 of the Dungeon)
 x - a wand of digging (6)
   (You found it on level 8 of the Dungeon)
 K - a wand of acid (9)
   (You took it off Maurice on level 10 of the Dungeon)
Scrolls
 i - 5 scrolls of remove curse
 j - 9 scrolls of identify
 k - a scroll of magic mapping {!r}
 l - 2 scrolls of enchant weapon
 o - 2 scrolls of teleportation
 t - 2 scrolls of immolation {!r}
 A - a scroll of random uselessness
 F - a scroll of amnesia
Potions
 d - 3 potions of might
 g - 5 potions of cancellation
 h - 3 potions of degeneration {!q}
 p - a potion of flight {unknown}
 s - 2 potions of curing
 z - 2 potions of brilliance
 B - a potion of lignification {unknown}
 G - a potion of mutation {unknown}
 H - a potion of haste {unknown}
Miscellaneous
 I - a phantom mirror
Comestibles
 f - 17 rations
 E - 6 chunks of flesh {@w0}


   Skills:
 + Level 10.3 Fighting
 * Level 14.5 Axes
 - Level 3.2 Armour
 + Level 9.5 Shields
 + Level 8.6 Invocations


You had 10 spell levels left.
You didn't know any spells.
Your spell library contained the following spells:

 Spells                   Type           Power        Failure   Level  Hunger
 Confusing Touch          Hex            #.....       100%        1    ##.....
 Magic Dart               Conj           #...         100%        1    ##.....
 Shock                    Conj/Air       #...         100%        1    ##.....
 Searing Ray              Conj           #.....       100%        2    ###....
 Swiftness                Chrm/Air       #.......     100%        2    ###....
 Confuse                  Hex            #.......     100%        3    ####...
 Dazzling Spray           Conj/Hex       #.....       100%        3    ####...
 Gell's Gravitas          Tloc           #.........   100%        3    ####...
 Lesser Beckoning         Tloc           #.........   100%        3    ####...
 Ozocubu's Armour         Chrm/Ice       #.......     100%        3    ####...
 Spectral Weapon          Hex/Chrm       #.......     100%        3    ####...
 Static Discharge         Conj/Air       #.......     100%        3    ####...
 Airstrike                Air            #.........   100%        4    #####..
 Force Lance              Conj/Tloc      #.......     100%        4    #####..
 Fulminant Prism          Conj/Hex       #.........   100%        4    #####..
 Iskenderun's Mystic Bla  Conj           #.......     100%        4    #####..
 Petrify                  Tmut/Erth      #.......     100%        4    #####..
 Excruciating Wounds      Chrm/Necr      #.........   100%        5    ######.
 Iskenderun's Battlesphe  Conj/Chrm      #.......     100%        5    ######.
 Lightning Bolt           Conj/Air       #.........   100%        5    ######.
 Metabolic Englaciation   Hex/Ice        #.........   100%        5    ######.
 Yara's Violent Unravell  Hex/Tmut       #.........   100%        5    ######.


Dungeon Overview and Level Annotations

Branches:
Dungeon (11/15)            Temple (0/1) D:5            Lair (0/6) D:8
    Orc (0/2) D:11

Altars:
Nemelex Xobeh
Uskayaw
Yredelemnul

Shops:
D:5 }   D:9 :   D:14 [

Annotations:
D:4 exclusion: goblin


Message History

You slash the wolf spider zombie! You burn the wolf spider zombie.
You hit the efreet but do no damage. You block the efreet's attack.
You block the wolf spider zombie's attack.
The wolf spider zombie bites you.
You take 2 damage, and have 61/100 hp.
You slash the wolf spider zombie! You burn the wolf spider zombie.
You hit the efreet but do no damage. The wolf spider zombie hits you!
You block the wolf spider zombie's attack.
The efreet gestures at you.
The fireball explodes!
The fireball engulfs you! You resist.
The fireball engulfs the efreet.
The efreet completely resists.
The fireball engulfs the wolf spider zombie.
You take 14 damage, and have 47/100 hp.
You slice the wolf spider zombie!! You burn the wolf spider zombie.
You slash the efreet!
The wolf spider zombie hits you but does no damage.
You block the wolf spider zombie's attack.
You block the efreet's attack.
You slash the wolf spider zombie! You burn the wolf spider zombie.
You destroy the wolf spider zombie!
Beogh accepts your kill.
You hit the efreet but do no damage. You closely miss the bullfrog.
You hit the efreet but do no damage.
The bullfrog hits you but does no damage.
You block the efreet's attack.
You hit the bullfrog. You burn the bullfrog. You hit the efreet.
The bullfrog hits you but does no damage.
The efreet gestures at you.
The fireball explodes!
The fireball engulfs you! You resist.
The fireball engulfs the efreet.
The efreet completely resists.
The fireball engulfs the bullfrog.
The bullfrog dies!
You hear a croak.
You take 10 damage, and have 38/101 hp.
A manticore comes into view.
The manticore flicks its tail.
The volley of spikes misses you. The efreet gestures at you.
The bolt of fire hits you! You resist.
The manticore flicks its tail.
You block the volley of spikes.
A bullfrog comes into view.
You take 3 damage, and have 36/101 hp.
You hit the efreet.
The efreet hits you with a +4 scimitar of flaming!
* * * LOW HITPOINT WARNING * * *
You take 11 damage, and have 25/101 hp.
You hit the efreet.
You kill the efreet!
Beogh accepts your kill.
The manticore flicks its tail.
The volley of spikes hits you!
The barbed spikes become lodged in your body.
* * * LOW HITPOINT WARNING * * *
You take 11 damage, and have 14/101 hp.
You feel much better.
You regained 27 hp, and now have 41/101 hp.
You feel much better.
A vampire comes into view.
You regained 23 hp, and now have 64/101 hp.
You hit the manticore but do no damage. You closely miss the bullfrog.
The manticore bites you! The manticore claws you.
The manticore claws you but does no damage.
The bullfrog hits you but does no damage.
You take 19 damage, and have 45/101 hp.
You slash the manticore! You burn the manticore! You slash the bullfrog!
You burn the bullfrog.
The bullfrog hits you but does no damage.
The manticore bites you but does no damage.
The manticore claws you.
The manticore claws you but does no damage.
The vampire casts a spell.
The vampire flickers and vanishes!
Deactivating autopickup; reactivate with Ctrl-A.
You take 3 damage, and have 42/101 hp.
You slash the manticore! You burn the manticore. You barely miss the bullfrog.
The bullfrog hits you but does no damage.
The manticore bites you! The manticore claws you.
* * * LOW HITPOINT WARNING * * *
The manticore barely misses you.
You take 14 damage, and have 28/101 hp.
You hit the manticore but do no damage.
Your shield and chain mail prevent you from hitting the bullfrog.
The bullfrog hits you.
* * * LOW HITPOINT WARNING * * *
The manticore bites you!
* * * LOW HITPOINT WARNING * * *
The manticore claws you but does no damage.
The manticore claws you.
* * * LOW HITPOINT WARNING * * *
You take 21 damage, and have 7/101 hp.
MASSIVE DAMAGE!!
You hit the manticore. You burn the manticore.
Your chain mail prevents you from hitting the bullfrog.
You carefully extract the barbed spikes from your body.
The bullfrog hits you but does no damage. x2
You hit the manticore. You burn the manticore. You hit the bullfrog.
You burn the bullfrog. You block the manticore's attack.
The manticore claws you!
You die...

.# #.# #.#### #.#
##.#...##.##
..........[
$......#.#
###.#...#.####..#
....$.H@F{.......
.##...#.#.####.#
##..#...# #.
#..##..#
#..###.##..#
#.#.......#
##......##|#
##.#.....##.# #
##...........#.#


You could see a manticore and a bullfrog.

Vanquished Creatures
  A centaur warrior (D:15)
  A wolf spider zombie (D:15)
  Psyche (D:10)
  A centaur skeleton (D:10)
  An efreet (D:15)
  A hippogriff (D:8)
  13 yaks
  A shadow (D:14)
  A human (D:8)
  Grum (D:8)
  A hungry ghost (D:10)
  Menkaure (D:4)
  A soldier ant (D:15)
  A water moccasin (D:10)
  A phantom (D:7)
  4 ice beasts
  4 ogres
  A black bear (D:9)
  A necrophage (D:7)
  2 wolves (D:8)
  4 centaurs
  A big kobold (D:9)
  6 bullfrogs
  A water moccasin zombie (D:8)
  A scorpion (D:7)
  7 killer bees
  4 howler monkeys (D:10)
  2 crimson imps
  A bullfrog zombie (D:5)
  4 hounds
  2 jellies
  4 orc priests
  An orc wizard (D:7)
  14 worker ants
  A killer bee zombie (D:7)
  A hound skeleton (D:4)
  2 worker ant zombies
  5 gnolls
  17 adders
  An ooze (D:4)
  An adder zombie (D:5)
  2 worms
  3 dart slugs
  9 leopard geckos
  23 orcs
  8 giant cockroaches
  6 hobgoblins
  18 jackals
  7 kobolds
  2 quokkas
  6 bats
  6 frilled lizards
  12 goblins
  2 jackal skeletons (D:4)
  A leopard gecko skeleton (D:5)
  11 rats
235 creatures vanquished.

Vanquished Creatures (collateral kills)
  Maurice (D:10)
  A troll (D:10)
  A yak (D:9)
  An orc warrior (D:9)
  A black bear (D:10)
  A centaur (D:9)
  A scorpion (D:9)
  A killer bee (D:9)
  A howler monkey (D:9)
  A bullfrog zombie (D:9)
  A crimson imp (D:9)
  5 orc priests (D:9)
  A hound (D:9)
  An iguana (D:9)
  A gnoll (D:9)
  7 orcs (D:9)
26 creatures vanquished.

Vanquished Creatures (others)
  A bullfrog (D:15)
  An orc priest (D:3)
  9 orcs
  2 jackals (D:3)
  A bat (D:3)
14 creatures vanquished.

Grand Total: 275 creatures vanquished

Notes
Turn   | Place    | Note
-------+----------+-------------------------------------------
     0 | D:1      | Firecrotchwizard the Hill Orc Fighter began the quest for
                  | the Orb.
     0 | D:1      | Reached XP level 1. HP: 19/19 MP: 1/1
    66 | D:1      | Reached skill level 3 in Axes
    70 | D:1      | Reached XP level 2. HP: 25/27 MP: 2/2
   542 | D:2      | Reached skill level 4 in Fighting
   545 | D:2      | Reached XP level 3. HP: 33/33 MP: 3/3
   577 | D:2      | Reached skill level 4 in Axes
   792 | D:2      | Reached XP level 4. HP: 39/40 MP: 4/4
  1452 | D:3      | Reached skill level 4 in Shields
  1494 | D:3      | Reached skill level 5 in Axes
  1562 | D:3      | Reached XP level 5. HP: 39/47 MP: 5/5
  1899 | D:3      | Noticed an ogre
  1909 | D:3      | Killed an ogre
  1909 | D:3      | Reached skill level 5 in Fighting
  1909 | D:3      | Reached skill level 6 in Axes
  1909 | D:3      | Reached XP level 6. HP: 40/56 MP: 6/6
  2133 | D:3      | Became a worshipper of Beogh the Brigand
  3082 | D:4      | Reached * piety under Beogh
  3162 | D:4      | Noticed Menkaure
  3180 | D:4      | Killed Menkaure
  3180 | D:4      | Reached skill level 7 in Axes
  3180 | D:4      | Reached skill level 5 in Shields
  3180 | D:4      | Reached XP level 7. HP: 62/62 MP: 7/7
  3512 | D:5      | Entered Level 5 of the Dungeon
  3600 | D:5      | Found a staircase to the Ecumenical Temple.
  3671 | D:5      | Reached skill level 6 in Fighting
  3671 | D:5      | Reached skill level 8 in Axes
  3848 | D:5      | Found a hide-covered altar of Uskayaw.
  4024 | D:5      | Reached XP level 8. HP: 57/71 MP: 8/8
  4167 | D:5      | Found Ciweum's Gadget Boutique.
  4275 | D:6      | Found a basalt altar of Yredelemnul.
  4403 | D:6      | Reached skill level 9 in Axes
  4403 | D:6      | Reached skill level 6 in Shields
  4408 | D:6      | Reached ** piety under Beogh
  4737 | D:6      | Reached skill level 1 in Invocations
  5647 | D:7      | Reached skill level 7 in Fighting
  5647 | D:7      | Reached skill level 2 in Invocations
  5742 | D:7      | Reached skill level 10 in Axes
  6032 | D:7      | Reached skill level 3 in Invocations
  6032 | D:7      | Reached XP level 9. HP: 79/79 MP: 11/11
  6355 | D:7      | Reached skill level 7 in Shields
  6612 | D:8      | Noticed Grum
  6624 | D:8      | Killed Grum
  6624 | D:8      | Reached skill level 4 in Invocations
  6629 | D:8      | Reached skill level 11 in Axes
  6683 | D:8      | Reached skill level 8 in Fighting
  6870 | D:8      | Reached *** piety under Beogh
  6952 | D:8      | Found a staircase to the Lair.
  7036 | D:8      | Reached skill level 5 in Invocations
  7094 | D:9      | Found Cumiod's Book Boutique.
  7312 | D:9      | Reached skill level 12 in Axes
  7312 | D:9      | Reached XP level 10. HP: 39/90 MP: 12/14
  7322 | D:9      | Reached skill level 8 in Shields
  7330 | D:9      | Reached skill level 6 in Invocations
  7340 | D:9      | Reached skill level 9 in Fighting
  7658 | D:9      | Reached **** piety under Beogh
  7841 | D:9      | meem: I am meem, an upgrade of beem built by MalcolmRose
                  | (check out Malcolm's DCSS vids and other projects at
                  | http://youtube.com/malcolmrosegaming). To have me follow
                  | you in your games, type !subscribemeem - to make me go away
                  | forever, type !quitmeem - For help, type: !meem
  7853 | D:9      | Upgraded the game from 0.23-a0-622-g59b4ea9 to
                  | 0.23-a0-625-g1d2cd9b
  7993 | D:9      | Reached skill level 13 in Axes
  8104 | D:9      | Gained Bogward as an ally
  8899 | D:10     | Entered Level 10 of the Dungeon
  9088 | D:10     | Reached skill level 7 in Invocations
  9501 | D:10     | Reached skill level 9 in Shields
  9510 | D:10     | Reached XP level 11. HP: 99/99 MP: 16/16
  9547 | D:10     | Identified the Volume of Dislocation and Aid
  9687 | D:10     | Noticed Psyche
  9690 | D:10     | Killed Psyche
  9783 | D:10     | Noticed Maurice
  9794 | D:10     | Killed Maurice
  9951 | D:10     | Reached skill level 10 in Fighting
  9951 | D:10     | Reached skill level 14 in Axes
  9952 | D:10     | Reached skill level 8 in Invocations
 10152 | D:11     | Found a staircase to the Orcish Mines.
 10195 | D:11     | You fall through a shaft for 3 floors!
 10203 | D:14     | Noticed a red ugly thing
 10203 | D:14     | Noticed a red ugly thing
 10203 | D:14     | Noticed a red ugly thing
 10203 | D:14     | Noticed a green ugly thing
 10203 | D:14     | Noticed a red ugly thing
 10203 | D:14     | Noticed a red ugly thing
 10203 | D:14     | Noticed a red ugly thing
 10203 | D:14     | Noticed a green ugly thing
 10210 | D:14     | Found Afysa's Armour Shop.
 10339 | D:14     | You fall through a shaft!
 10339 | D:15     | Entered Level 15 of the Dungeon
 10368 | D:15     | Found a sparkling altar of Nemelex Xobeh.
 10368 | D:15     | Noticed a centaur warrior
 10383 | D:15     | Killed a centaur warrior
 10438 | D:15     | Noticed a manticore
 10441 | D:15     | HP: 25/101 [efreet/+4 scimitar of flaming (11)]
 10448 | D:15     | HP: 24/101 [bullfrog (4)]
 10448 | D:15     | HP: 9/101 [manticore (15)]
 10450 | D:15     | Slain by a manticore

Vault maps used:
D:1:      dpeg_arrival_ratfight, kennysheep_small_spiral, serial_park_tiny_pond,
          st_stairs_13, minmay_tripent
D:2:      roderic_three_in_a_row, minmay_pentomino_w4
D:3:      first_ration
D:4:      minmay_goblin_outpost, uniq_menkaure
D:5:      eat_drink_and_be_merry_uskayaw, temple_pool_b, serial_shops,
          nicolae_shop_behind_doors
D:6:      basic_altar
D:8:      lair_entry_dummy, grunt_pizzeria, uniq_grum
D:9:      serial_shops, shop, special_room, grunt_decor_one_mirror,
          nicolae_benzene_ring, due_unseen_surprise
D:10:     kennysheep_another_room, minmay_fractal_squares_gapless_5,
          uniq_maurice, uniq_psyche
D:11:     nzn_motion_control, orc_0_dummy, uniq_sonja
D:14:     grunt_vaults_entry_tiered, serial_shops, nicolae_shop_waterfront,
          shop, nicolae_shop_window_shopping, nicolae_shop_window_shopping,
          lemuel_altar_in_water
D:15:     grunt_enter_depths_magical_seal, nemelex_xobeh_ov_fountains_minmay,
          kennysheep_kite_vault

Skill      XL: |  1  2  3  4  5  6  7  8  9 10 11 |
---------------+----------------------------------+-----
Axes           | 3 4 5 6 7 8 10 12 13 14 | 14.5
Fighting       | 4 5 6 7 8 9 10 | 10.3
Shields        | 4 5 6 7 9 |  9.5
Invocations    | 3 5 7 8 |  8.6
Armour         | |  3.2

Action                   |  1- 3 |  4- 6 |  7- 9 | 10-12 || total
-------------------------+-------+-------+-------+-------++-------
Melee: War axe           |    81 |   245 |   373 |   203 ||   902
Invok: Convert to Beogh  |       |     1 |       |       ||     1
       Smiting           |       |       |       |     3 ||     3
  Use: Scroll            |       |       |    15 |     5 ||    20
       Potion            |       |       |       |     4 ||     4
  Eat: Chunk             |       |     8 |     9 |     7 ||    24
       Ration            |       |       |     2 |       ||     2
Armor: Scale mail        |    42 |    97 |    10 |       ||   149
       Chain mail        |       |       |    79 |    37 ||   116
       Plate armour      |       |       |   103 |    84 ||   187
Dodge: Dodged            |    34 |    65 |    65 |    36 ||   200
Block: Shield            |    53 |   135 |   165 |   119 ||   472

Table legend:
 A = Non-vault XP
 B = Vault XP
 C = Vault XP percentage of total XP
 D = Non-vault monster count
 E = Vault monster count
 F = Vault count percentage of total count
                 A         B        C        D         E       F
            +---------+---------+-------+---------+---------+-------
      Total |   11162 |    2055 |  15.5 |     223 |      39 |  14.9
            +---------+---------+-------+---------+---------+-------
        D:1 |      14 |      11 |  44.0 |       9 |       8 |  47.1
        D:2 |      93 |       8 |   7.9 |      30 |       4 |  11.8
        D:3 |     237 |       0 |   0.0 |      34 |       0 |   0.0
        D:4 |     293 |     178 |  37.8 |      22 |       8 |  26.7
        D:5 |     417 |       0 |   0.0 |      12 |       0 |   0.0
        D:6 |     525 |       0 |   0.0 |      16 |       0 |   0.0
        D:7 |    1032 |       0 |   0.0 |      19 |       0 |   0.0
        D:8 |     615 |     624 |  50.4 |      14 |       4 |  22.2
        D:9 |    3033 |     134 |   4.2 |      37 |       9 |  19.6
       D:10 |    2111 |    1100 |  34.3 |      17 |       6 |  26.1
       D:11 |     122 |       0 |   0.0 |       2 |       0 |   0.0
       D:14 |     250 |       0 |   0.0 |       2 |       0 |   0.0
       D:15 |    2420 |       0 |   0.0 |       9 |       0 |   0.0
            +---------+---------+-------+---------+---------+-------

Vault maps used:
D:1:      dpeg_arrival_ratfight, kennysheep_small_spiral, serial_park_tiny_pond,
          st_stairs_13, minmay_tripent
D:2:      roderic_three_in_a_row, minmay_pentomino_w4
D:3:      first_ration
D:4:      minmay_goblin_outpost, uniq_menkaure
D:5:      eat_drink_and_be_merry_uskayaw, temple_pool_b, serial_shops,
          nicolae_shop_behind_doors
D:6:      basic_altar
D:8:      lair_entry_dummy, grunt_pizzeria, uniq_grum
D:9:      serial_shops, shop, special_room, grunt_decor_one_mirror,
          nicolae_benzene_ring, due_unseen_surprise
D:10:     kennysheep_another_room, minmay_fractal_squares_gapless_5,
          uniq_maurice, uniq_psyche
D:11:     nzn_motion_control, orc_0_dummy, uniq_sonja
D:14:     grunt_vaults_entry_tiered, serial_shops, nicolae_shop_waterfront,
          shop, nicolae_shop_window_shopping, nicolae_shop_window_shopping,
          lemuel_altar_in_water
D:15:     grunt_enter_depths_magical_seal, nemelex_xobeh_ov_fountains_minmay,
          kennysheep_kite_vault

Table legend:
 A = Turns spent in this place as a percentage of turns spent in the entire game.
 B = Non-inter-level travel turns spent in this place as a percentage of non-inter-level travel turns spent in the entire game.
 C = Inter-level travel turns spent in this place as a percentage of turns spent in this place.
 D = Turns resting spent in this place as a percentage of non-inter-level travel turns spent in this place.
 E = Turns spent auto-exploring this place as a percentage of non-inter-level travel turns spent in this place.
 F = Non-inter-level travel turns spent in this place divided by the number of levels of this place that you've seen.
                   A       B       C       D       E      F
               +-------+-------+-------+-------+-------+----------------------
         Total | 100.0 | 100.0 |   3.5 |  25.2 |  56.2 | 775.9
       Dungeon | 100.0 | 100.0 |   3.5 |  25.2 |  56.2 | 775.9
               +-------+-------+-------+-------+-------+----------------------

Table legend:
 A = Kills in this place as a percentage of kills in entire the game.
 B = Kills by you in this place as a percentage of kills by you in the entire game.
 C = Kills by friends in this place as a percentage of kills by friends in the entire game.
 D = Other kills in this place as a percentage of other kills in the entire game.
 E = Experience gained in this place as a percentage of experience gained in the entire game.
 F = Experience gained in this place divided by the number of levels of this place that you have seen.
                   A       B       C       D       E      F
               +-------+-------+-------+-------+-------+----------------------
         Total | 100.0 | 100.0 | 100.0 | 100.0 | 100.0 | 1016.7
       Dungeon | 100.0 | 100.0 | 100.0 | 100.0 | 100.0 | 1016.7
               +-------+-------+-------+-------+-------+----------------------
